 Dungeon Crawl Stone Soup version 0.17.0-24-gcfadda4 (webtiles) character file.

10 Helmschank the Ogre Mage (level 2, -3/27 HPs)
             Began as an Ogre Wanderer on Nov 17, 2015.
             Slain by a kobold
             ... wielding a +0 dagger
              (4 damage)
             ... on level 1 of the Dungeon.
             The game lasted 00:03:53 (1094 turns).

Helmschank the Ogre Mage (Ogre Wanderer)            Turns: 1094, Time: 00:03:53

Health: -3/27      AC:  3    Str: 15    XL:     2   Next: 20%
Magic:  7/7        EV:  9    Int: 13    God:
Gold:   41         SH:  0    Dex:  8    Spells: 0 memorised, 10 levels left

rFire  . . .     SeeInvis .     e - +0 club
rCold  . . .     Clarity  .     d - +0 robe
rNeg   . . .     SustAt   .     (no shield)
rPois  .         Gourm    .     (helmet restricted)
rElec  .         Spirit   .     (no cloak)
rCorr  .         Warding  .     (gloves unavailable)
rMut   .         Stasis   .     (boots unavailable)
MR     .....                    (no amulet)
Stlth  +.........               (no ring)
                                (no ring)

@: not resistant to hostile enchantments, very unstealthy
A: unfitting armour, tough skin 1
a: no special abilities


You were on level 1 of the Dungeon.
You were hungry.

You visited 1 branch of the dungeon, and saw 1 of its levels.

You collected 41 gold pieces.

Inventory:

Hand Weapons
 e - a +0 club (weapon)
Missiles
 h - 33 stones (quivered)
 i - 13 poisoned needles
Armour
 d - a +0 robe (worn)
Scrolls
 g - a scroll of identify
Books
 a - a book of Minor Magic

   Spells                             Type                      Level
   a - Magic Dart                     Conjuration                  1
   b - Blink                          Translocation                2
   c - Call Imp                       Summoning                    2
   d - Repel Missiles                 Charms/Air                   2
   e - Slow                           Hexes                        2
   f - Conjure Flame                  Conjuration/Fire             3
   g - Mephitic Cloud                 Conjuration/Poison/Air       3
 b - the Compendium of the Blaze

   Spells                             Type                      Level
   a - Flame Tongue                   Conjuration/Fire             1
   b - Inner Flame                    Hexes/Fire                   3
 c - Cigotuvi's Papyrus of Moulding

   Spells                             Type                      Level
   a - Beastly Appendage              Transmutation                1
   b - Ignite Poison                  Fire/Transmutation/Poison    3
Comestibles
 f - a bread ration
 j - a chunk of flesh


   Skills:
 + Level 1.1 Fighting
 * Level 1.5 Maces & Flails
 - Level 0.5 Dodging
   Level 1.0 Shields
 - Level 4.8 Spellcasting
   Level 2.1 Summonings
   Level 1.0 Translocations
   Level 1.0 Evocations


You had 10 spell levels left.
You didn't know any spells.

Dungeon Overview and Level Annotations

Branches:
Dungeon (1/15)

Altars:


Innate Abilities, Weirdness & Mutations

You are too large for most types of armour.
You have tough skin (AC +1).


Message History

Read which item? (? for menu, Esc to quit)
As you read the scroll labeled ZUAVIV USTUJIE, it crumbles to dust.
It is a scroll of identify.
You don't have any unidentified items.
The kobold shouts!
The hobgoblin throws a stone.
The stone barely misses you.
The hobgoblin throws a stone.
The stone closely misses you.
There is a stone staircase leading down here.
You see here a stone.
The kobold hits you with a dagger.
* * * LOW HITPOINT WARNING * * *
You hit the kobold but do no damage. The kobold barely misses you.
The kobold hits you but does no damage.
You completely miss the kobold.
The hobgoblin throws a stone.
The stone hits you but does no damage. The kobold closely misses you.
You closely miss the kobold.
The hobgoblin throws a stone.
The stone barely misses you. The kobold hits you but does no damage.
You closely miss the kobold.
The hobgoblin throws a stone.
The stone barely misses you. The kobold hits you with a dagger.
You die...

#.# #.# # #.# #.#
############.# #.#
.....#.......# #.#
####.#.####### #.#
...#.#.#.†.# #.#
.#.#.#...#.# #.#
##.#.#####.########.######
...#.......##(>.@K.........
#############g#############
# #(# # #(# # #†# # #g# #
#.# ### ... ... #.#


You could see a hobgoblin and a kobold.

Vanquished Creatures
  4 jackals (D:1)
  A kobold (D:1)
  2 bats (D:1)
  A giant newt (D:1)
  A goblin (D:1)
9 creatures vanquished.

Notes
Turn   | Place    | Note
--------------------------------------------------------------
     0 | D:1      | Helmschank the Ogre Wanderer began the quest for the Orb.
     0 | D:1      | Helmschank set off with: a book of Minor Magic, the Compendium of the Blaze, Cigotuvi's Papyrus of Moulding, a +0 robe, a +0 club, a bread ration
     0 | D:1      | Reached XP level 1. HP: 16/16 MP: 6/6
     7 | D:1      | Identified the Compendium of the Blaze
     7 | D:1      | Identified Cigotuvi's Papyrus of Moulding
   737 | D:1      | Reached skill level 1 in Maces & Flails
   747 | D:1      | Reached skill level 1 in Fighting
   747 | D:1      | Reached XP level 2. HP: 9/27 MP: 7/7
  1090 | D:1      | HP: 1/27 [kobold/dagger (2)]
  1094 | D:1      | Slain by a kobold

Action                   || total
-------------------------++-------
Melee: Club              ||    74
Throw: Stone             ||    16
  Use: Scroll            ||     1
